 Dungeon Sprint DCSS version 0.16-a0-3841-g2612308 (console) character file.

1671 Monkaria the Fencer (level 9, 0/93 HPs)
             Began as a Hill Orc Fighter on Jan 30, 2015.
             Was a Plaything of Xom.
             Succumbed to a spiny frog's poison
             ... in the Dungeon (Sprint IX: "|||||||||||||||||||||||||||||").
             The game lasted 00:01:29 (795 turns).

Monkaria the Fencer (Hill Orc Fighter)               Turns: 795, Time: 00:01:30

Health: 0/93       AC: 17    Str: 25    XL:     9   Next: 1%
Magic:  9/9        EV:  5    Int: 13    God:    Xom [..*...]
Gold:   13         SH: 10    Dex: 13    Spells: 0 memorised, 8 levels left

rFire  . . .     SeeInvis .     p - +2 scimitar (protect)
rCold  . . .     Clarity  .     s - +1 chain mail
rNeg   . . .     SustAb   .     c - +0 shield
rPois  .         Gourm    .     (no helmet)
rElec  .         Spirit   .     r - +0 cloak
rCorr  .         Warding  .     (no gloves)
rMut   .         NoTele   +     q - +0 pair of boots
MR     .....                    (no amulet)
Stlth  ..........               u - +3 ring of strength
                                t - +3 ring of dexterity

@: brilliant, lethally poisoned, exhausted, slowed, very slow, not resistant to
hostile enchantments, extremely unstealthy
A: no striking features
a: Renounce Religion


You were in the Dungeon.
You worshipped Xom.
You were a toy of Xom.
You were hungry.

You visited 1 branch You collected 13 gold pieces.

Inventory:

Hand weapons
 a - a +0 long sword of freezing
 p - a +2 scimitar of protection (weapon)
Armour
 c - a +0 shield (worn)
 q - a +0 pair of boots (worn)
 r - a +0 cloak (worn)
 s - a +1 chain mail (worn)
Jewellery
 b - an uncursed ring of wizardry
 t - a +3 ring of dexterity (left hand)
 u - a +3 ring of strength (right hand)
Magical devices
 o - a wand of draining (7)
Scrolls
 k - 4 scrolls of blinking
 m - 6 scrolls of remove curse
 n - 2 scrolls of amnesia
 v - 2 scrolls of enchant weapon
 w - a scroll of recharging
 x - a scroll of fear
Potions
 e - a potion of might
 f - 6 potions of curing
 g - 9 potions of heal wounds
 h - 2 potions of haste
 i - 4 potions of magic
 j - a potion of berserk rage
 l - a potion of invisibility
Comestibles
 d - a meat ration


   Skills:
 + Level 13.5 Fighting
 * Level 16.4 Long Blades
 - Level 3.2 Armour
 - Level 3.2 Shields


You had 8 spell levels left.
You didn't know any spells.

Dungeon Overview and Level Annotations

Branches:
Dungeon (1/1)

Altars:
Cheibriados
Dithmenos
Elyvilon
Fedhas
Gozag
Kikubaaqudgha
Makhleb
Nemelex Xobeh
Okawaru
Qazlal
Ru
Sif Muna
Trog
Vehumet
Xom
Yredelemnul
Zin
The Shining One
Beogh
Jiyva
Lugonu


Message History

The hippogriff is almost dead.
* * * LOW HITPOINT WARNING * * *
You feel sick. You block the hippogriff's attack.
The hippogriff pecks you but does no damage.
The hippogriff claws you but does no damage.
You slash the hippogriff!
You kill the hippogriff!
You have reached level 9!
Your experience leads to an increase in your attributes!
Your base attributes are Str 21, Int 8, Dex 10.
Increase (S)trength, (I)ntelligence, or (D)exterity?
You feel stronger.
* * * LOW HITPOINT WARNING * * *
You feel sick.
You are no longer berserk.
You are exhausted.
You feel yourself slow down.
You are feeling hungry.
You die...
Xom giggles madly!

▓▓▓▓▓▓▓▓▓▓▓▓▓▓▓▓▓▓▓▓▓▓▓▓▓▓▓▓▓▓▓▓▓
_________________'.....'..).()...
▓▓▓▓▓▓▓▓▓▓▓▓▓▓▓▓▓▓▓▓▓▓▓▓▓▓▓▓▓▓▓▓▓
.................................
▓▓▓▓▓▓▓▓▓▓▓▓▓▓▓▓▓▓▓▓▓▓▓▓▓▓▓▓▓▓▓▓▓
.......Ht..@....[.....'.....
▓▓▓▓▓▓▓▓▓▓▓▓▓▓▓▓▓▓▓▓▓▓▓▓▓▓▓▓


You could see a hippogriff and a crocodile.

Vanquished Creatures
  A spiny frog (D)
  2 komodo dragons (D)
  A slime creature (D)
  A hungry ghost (D)
  A hippogriff (D)
  A phantom (D)
  An orc warrior (D)
  A giant frog (D)
  A jelly (D)
  A worker ant (D)
  A hound (D)
  An iguana (D)
  An adder (D)
  2 river rats (D)
  A shadow imp (D)
  A worm (D)
  An adder skeleton (D)
  An adder zombie (D)
  An orc (D)
  3 hobgoblins (D)
  A giant cockroach zombie (D)
  A hobgoblin zombie (D)
  4 kobolds (D)
  A rat (D)
31 creatures vanquished.

Notes
Turn   | Place    | Note
--------------------------------------------------------------
     0 | D        | Monkaria, the Hill Orc Fighter, began the quest for the Orb.
     0 | D        | Reached XP level 1. HP: 19/19 MP: 1/1
    10 | D        | Reached skill level 4 in Fighting
    41 | D        | Reached XP level 2. HP: 24/28 MP: 2/2
    50 | D        | Reached skill level 5 in Fighting
    50 | D        | Reached skill level 5 in Long Blades
    58 | D        | Reached XP level 3. HP: 19/36 MP: 3/3
    59 | D        | Reached skill level 6 in Long Blades
    79 | D        | Found a glowing silver altar of Zin.
    79 | D        | Found a glowing golden altar of the Shining One.
    79 | D        | Found an ancient bone altar of Kikubaaqudgha.
    79 | D        | Found a basalt altar of Yredelemnul.
    79 | D        | Found a shimmering altar of Xom.
    79 | D        | Found a radiant altar of Vehumet.
    79 | D        | Found an iron altar of Okawaru.
    80 | D        | Found a burning altar of Makhleb.
    81 | D        | Found a deep blue altar of Sif Muna.
    82 | D        | Found a bloodstained altar of Trog.
    83 | D        | Found a sparkling altar of Nemelex Xobeh.
    84 | D        | Found a white marble altar of Elyvilon.
    85 | D        | Found a roughly hewn altar of Beogh.
    86 | D        | Found a viscous altar of Jiyva.
    87 | D        | Found a corrupted altar of Lugonu.
    88 | D        | Found a blossoming altar of Fedhas.
    89 | D        | Found a snail-covered altar of Cheibriados.
    90 | D        | Found a shadowy altar of Dithmenos.
    91 | D        | Found a stormy altar of Qazlal.
    92 | D        | Found an opulent altar of Gozag.
    93 | D        | Found a sacrificial altar of Ru.
   277 | D        | Noticed a hungry ghost
   277 | D        | Noticed a jelly
   277 | D        | Noticed an iguana
   277 | D        | Noticed a hound
   281 | D        | Killed a hound
   281 | D        | Reached skill level 7 in Long Blades
   281 | D        | Reached XP level 4. HP: 39/44 MP: 4/4
   284 | D        | Killed an iguana
   291 | D        | Killed a jelly
   291 | D        | Reached skill level 8 in Long Blades
   291 | D        | Reached XP level 5. HP: 45/52 MP: 5/5
   310 | D        | Killed a hungry ghost
   310 | D        | Reached skill level 9 in Fighting
   310 | D        | Reached skill level 11 in Long Blades
   310 | D        | Reached XP level 6. HP: 50/63 MP: 6/6
   346 | D        | Became a worshipper of Xom of Chaos
   380 | D        | Noticed a worker ant
   380 | D        | Noticed a slime creature
   380 | D        | Noticed a phantom
   380 | D        | Noticed an orc warrior
   391 | D        | Killed an orc warrior
   391 | D        | Reached skill level 10 in Fighting
   391 | D        | Reached skill level 12 in Long Blades
   402 | D        | Killed a slime creature
   402 | D        | Reached skill level 13 in Long Blades
   402 | D        | Reached XP level 7. HP: 29/74 MP: 7/7
   404 | D        | Killed a worker ant
   409 | D        | XOM: silly message
   423 | D        | Killed a phantom
   743 | D        | Noticed a hippogriff
   743 | D        | Noticed a komodo dragon
   743 | D        | Noticed a spiny frog
   743 | D        | Noticed a komodo dragon
   743 | D        | Noticed a giant frog
   747 | D        | Noticed a crocodile
   758 | D        | Noticed a hippogriff
   759 | D        | Killed a giant frog
   759 | D        | Reached skill level 14 in Long Blades
   770 | D        | Killed a komodo dragon
   770 | D        | Reached XP level 8. HP: 25/84 MP: 8/8
   775 | D        | XOM: potion effect (berserk rage)
   779 | D        | Killed a spiny frog
   779 | D        | Reached skill level 15 in Long Blades
   780 | D        | XOM: potion effect (brilliance)
   783 | D        | HP: 5/127 [komodo dragon (16)]
   789 | D        | Killed a komodo dragon
   789 | D        | Reached skill level 16 in Long Blades
   789 | D        | HP: 2/129 [poisoned by a spiny frog]
   792 | D        | Killed a hippogriff
   792 | D        | Reached XP level 9. HP: 2/93 MP: 9/9
   795 | D        | Succumbed to a spiny frog's poison

Action                   |  1- 3 |  4- 6 |  7- 9 || total
-------------------------+-------+-------+-------++-------
Melee: Long sword        |    31 |       |       ||    31
       Scimitar          |     4 |    51 |    65 ||   120
  Eat: Chunk             |       |       |     1 ||     1
